 Dungeon Crawl Stone Soup version 0.21.0-3-g78d12a8bdd (webtiles) character file.

3126060 Tenshin the Blood Saint (level 26, 233/233 HPs)
             Began as a Demonspawn Monk on Jan 14, 2018.
             Was a High Priest of Yredelemnul.
             Escaped with the Orb
             ... and 5 runes!
             The game lasted 04:16:52 (70731 turns).

Tenshin the Blood Saint (Demonspawn Monk)          Turns: 70731, Time: 04:16:52

Health: 233/233    AC: 42    Str: 21    XL:     26   Next: 81%
Magic:  44/44      EV: 16    Int: 12    God:    Yredelemnul [*****.]
Gold:   6705       SH: 18    Dex: 24    Spells: 20/35 levels left

rFire    + + .     SeeInvis +   a - +9 demon trident (elec)
rCold    + . .     Gourm    .   G - +3 shield of Depression {Slay+3 Stlth+}
rNeg     + . .     Faith    .   o - +4 gold dragon scales
rPois    +         Spirit   +   y - +2 hat {MR+}
rElec    +         Reflect  .   R - +2 cloak {MR+}
rCorr    .         Harm     .   s - +2 pair of gloves {Str+3}
MR       +++..     Clarity  +   (boots unavailable)
Stlth    ..........             m - amulet of the Air {Inacc +Fly rElec EV+5 RMsl}
HPRegen  0.48/turn              Y - ring "Zeuqoro" {AC+5 Dex+3}
MPRegen  0.58/turn              v - ring of see invisible

@: repel missiles
A: hooves 3, molten scales 3, clarity, foul stench 2, high mp 1, mutation
resistance 1, negative energy resistance 1, 50% torment resistance, magic
shield, magic regeneration, magic link, no potion heal 2, rot immunity,
MP-powered wands
0: Orb of Zot
}: 5/15 runes: decaying, serpentine, slimy, silver, abyssal
a: Recall Undead Slaves, Injury Mirror, Animate Dead, Drain Life, Enslave Soul,
Renounce Religion, Evoke Flight


You escaped.
You worshipped Yredelemnul.
Yredelemnul was extremely pleased with you.
You were very full.

You visited 11 branches of the dungeon, and saw 55 of its levels.
You visited the Abyss 1 time.

You collected 10352 gold pieces.
You spent 3647 gold pieces at shops.


Innate Abilities, Weirdness & Mutations

You have hooves in place of feet.
You are completely covered in molten scales. (AC +4, rF+)
You frequently emit foul miasma when damaged in melee.
You resist negative energy. (rN+)
You are somewhat able to resist unholy torments (1 in 2 success).
When hurt, damage is shared between your health and your magic reserves.
You regenerate magic rapidly.
When low on magic, you restore magic in place of health.
You are immune to rotting.
You possess an exceptional clarity of mind.
You have an increased reservoir of magic. (+10% MP)
You are somewhat resistant to further mutation.
Potions are poor at restoring your health.
You expend magic power (3 MP) to strengthen your wands.


   Skills:
 + Level 24.6 Fighting
 - Level 20.0 Polearms
 - Level 15.0 Armour
 - Level 10.2 Dodging
 - Level 6.0 Stealth
 - Level 15.0 Shields
 - Level 5.0 Spellcasting
 - Level 7.0 Translocations
 O Level 27 Invocations


You had 20 spell levels left.
You knew the following spells:

 Your Spells              Type           Power        Failure   Level  Hunger
b - Blink                 Tloc           N/A          58%         2    ##.....
g - Swiftness             Chrm/Air       #.......     100%        2    ##.....
j - Apportation           Tloc           ###...       45%         1    None
r - Regeneration          Chrm/Necr      #.........   100%        3    ###....
y - Deflect Missiles      Chrm/Air       #.........   100%        6    #######
z - Animate Skeleton      Necr           N/A          100%        1    None

Inventory:

Hand Weapons
 a - a +9 demon trident of electrocution (weapon)
Missiles
 t - 9 throwing nets {=f}
Armour
 o - +4 gold dragon scales (worn)
 s - a +2 pair of gloves of strength (worn)
 x - the +3 faerie dragon scales {rF+ rCorr Dex+2}
   (You took it off the Enchantress on level 2 of the Depths)

   It affects your dexterity (+2).
   It protects you from fire.
   It protects you from acid and corrosion.
 y - a +2 hat of magic resistance (worn)
 G - the +3 shield of Depression (worn) {Slay+3 Stlth+}
   (You found it on level 3 of the Depths)

   It affects your accuracy and damage with ranged weapons and melee attacks
   (+3).
   It makes you more stealthy.
 R - a +2 cloak of magic resistance (worn)
Jewellery
 c - an uncursed ring of protection from cold
 f - the ring of Wuwupn {rF+ rN+ Str-3 Dex+3 Slay+2}
   (You acquired it on level 5 of the Pits of Slime)

   [ring of positive energy]

   It affects your strength (-3).
   It affects your dexterity (+3).
   It affects your accuracy and damage with ranged weapons and melee attacks
   (+2).
   It protects you from fire.
   It protects you from negative energy.
 m - the amulet of the Air (around neck) {Inacc +Fly rElec EV+5 RMsl}
   (You found it on level 8 of the Dungeon)

   [amulet of inaccuracy]

   It reduces the accuracy of all your attacks.
   It affects your evasion (+5).
   It insulates you from electricity.
   It lets you fly.
   It protects you from missiles.
 r - the amulet of Vuum {Reflect Str+3 SH+4 SInv}
   (You acquired it on level 5 of the Pits of Slime)

   [amulet of reflection]

   It shields you and reflects attacks.
   It affects your strength (+3).
   It lets you see invisible.
   It affects your SH (+4).
 v - a ring of see invisible (right hand)
 Y - the ring "Zeuqoro" (left hand) {AC+5 Dex+3}
   (You acquired it on level 5 of the Pits of Slime)

   [ring of protection]

   It affects your AC (+5).
   It affects your dexterity (+3).
Wands
 i - a wand of acid (3)
 z - a wand of clouds (14)
Scrolls
 j - 30 scrolls of remove curse {@r2}
 q - 6 scrolls of immolation {!r}
 A - 20 scrolls of teleportation {@r4}
 B - 8 scrolls of blinking
 F - 14 scrolls of identify {@r1}
 I - 7 scrolls of fog
 L - a scroll of enchant armour
 O - 2 scrolls of silence {!r}
 T - 4 scrolls of magic mapping
 U - 11 scrolls of fear
Potions
 b - 2 potions of flight
 g - 18 potions of curing {@q1}
 w - 3 potions of resistance
 C - 3 potions of cancellation
 J - 3 potions of invisibility
 K - 5 potions of lignification {!q}
 N - 2 potions of berserk rage {!q}
 P - a potion of heal wounds {@q2}
 Q - 5 potions of might
 S - 2 potions of magic
 V - 4 potions of ambrosia
 X - 5 potions of haste {@q3}
 Z - 5 potions of agility
Miscellaneous
 l - 3 boxes of beasts
 u - a sack of spiders
 W - 7 phantom mirrors
Comestibles
 e - 64 rations

Dungeon Overview and Level Annotations

Branches:
Dungeon (15/15)            Temple (1/1) D:7            Lair (6/6) D:9
  Swamp (4/4) Lair:2        Snake (4/4) Lair:4        Slime (5/5) Lair:6
    Orc (2/2) D:10            Elf (3/3) Orc:2        Vaults (5/5) D:14
  Crypt (0/3) Vaults:3     Depths (5/5) D:15            Zot (5/5) Depths:5

Altars:
Ashenzari
Cheibriados
Dithmenos
Elyvilon
Fedhas
Gozag
Hepliaklqana
Kikubaaqudgha
Makhleb
Nemelex Xobeh
Okawaru
Qazlal
Ru
Sif Muna
Trog
Uskayaw
Vehumet
Wu Jian
Xom
Yredelemnul
Zin
The Shining One
Beogh
Lugonu

Shops:
D:10 }   D:15 [   Orc:2 ([:**   Vaults:5 ?   Depths:1 (

Portals:
Hell: Depths:1 Depths:2 Depths:3 Depths:4 Depths:5
Abyss: Depths:2 Depths:3 Depths:4 Depths:5
Pandemonium: Depths:1 Depths:2 Depths:3
Ziggurat: Depths:3

Annotations:
Elf:3 exclusions: deep elf demonologist and skeletal warrior
Depths:5 exclusion: orange crystal statue

#....#####.#####.#
#.#..#####.# ##..
#....รท.....# #...
##.######### #.## #.#
######.##
###########...##.##
#...).....#...##.##
#...###...#...##...
#.@.#.#...'...#####
###...###...#....#...
#.#.........#.##.#.##
#.###########.##.#.#
#..................#
####...#.#.###.#.#.#
#...#.#.###.#.#.##
#.............#... ###
##########.##.##.###.##


There were no monsters in sight!


Message History

Evoke which item? (* to show all) (? for menu, Esc to quit)
Aiming: Dig
Press: ? - help, Shift-Dir - straight line, f - you The rock shatters into small pieces.
The now-empty wand crumbles to dust.
Evoke which item? (* to show all) (? for menu, Esc to quit)
You don't have any such object.
Evoke which item? (* to show all) (? for menu, Esc to quit)
That's the wrong kind of item! (Use * to select it.) Evoke which item? (* to show all) (? for menu, Esc to quit)
You don't have any such object.
Evoke which item? (* to show all) (? for menu, Esc to quit)
Huh?
Evoke which item? (* to show all) (? for menu, Esc to quit)
Huh?
Evoke which item? (* to show all) (? for menu, Esc to quit)
Okay, then.
There is an open door here.
You see here a hand axe.
There is a staircase leading out of the dungeon here.
Really quaff
M - 2 potions of mutation {!q}?
You feel extremely strange.
Your thinking seems confused.
Your fingernails shrink to normal size.
Your thoughts seem clearer.
Really quaff
M - a potion of mutation {!q}?
You feel extremely strange.
You no longer feel cold resistant.
Your thinking seems confused.
You feel your magical essence link to your wands.
You feel genetically stable.
Your thoughts seem clearer.
Okay, then.
You have escaped!

Skill      XL: |  1  2  3  4  5  6  7  8  9 10 11 12 13 14 15 16 17 18 19 20 21 22 23 24 25 26 |
---------------+-------------------------------------------------------------------------------+-----
Stealth        | 2 3 5 6 |  6.0
Polearms       | 3 4 5 6 8 9 10 11 12 13 14 15 16 17 18 20 | 20.0
Dodging        | 3 4 6 7 10 | 10.2
Armour         | 1 2 3 5 6 7 9 10 15 | 15.0
Fighting       | 4 5 6 7 9 10 11 13 14 16 17 18 19 20 22 24 | 24.6
Invocations    | 3 9 13 16 18 20 22 23 24 26 27 | 27.0
Shields        | 5 6 8 12 14 15 | 15.0
Translocations | 4 6 7 |  7.0
Spellcasting   | 4 5 |  5.0

Action                   |  1- 3 |  4- 6 |  7- 9 | 10-12 | 13-15 | 16-18 | 19-21 | 22-24 | 25-27 || total
-------------------------+-------+-------+-------+-------+-------+-------+-------+-------+-------++-------
Melee: Spear             |   204 |   233 |       |   467 |  1934 |   170 |       |       |       ||  3008
       Trident           |       |    77 |   692 |   756 |       |       |       |       |       ||  1525
       Kick              |       |       |       |   210 |   550 |   256 |   375 |   753 |   326 ||  2470
       Unarmed           |       |       |       |       |     9 |       |       |       |       ||     9
       Demon trident     |       |       |       |       |       |   898 |  1346 |  1890 |   762 ||  4896
 Cast: Blink             |       |       |       |       |       |       |       |     1 |       ||     1
Invok: Animate Dead      |       |       |       |    28 |    56 |    74 |    72 |    70 |    32 ||   332
       Animate Remains   |       |       |       |     2 |       |       |       |       |       ||     2
       Injury Mirror     |       |       |       |     1 |     1 |       |       |     3 |     3 ||     8
       Drain Life        |       |       |       |     1 |     1 |     1 |     4 |       |       ||     7
       Recall Undead Sla |       |       |       |     5 |    43 |    62 |    43 |    43 |    18 ||   214
       Enslave Soul      |       |       |       |       |     4 |     2 |     4 |     7 |     1 ||    18
       Stop Recall       |       |       |       |       |       |     1 |       |       |       ||     1
Evoke: Wand              |       |       |       |       |       |       |     2 |     1 |    12 ||    15
  Use: Scroll            |       |     1 |     8 |     7 |    22 |    17 |    11 |    23 |     6 ||    95
       Potion            |       |       |       |       |     3 |     3 |     5 |     6 |    27 ||    44
 Stab: Sleeping          |     6 |     1 |       |     1 |    11 |    16 |     5 |     8 |       ||    48
       Distracted        |       |       |       |    16 |    39 |    27 |    31 |    38 |    22 ||   173
       Paralysed         |       |       |       |       |     9 |     1 |     1 |       |       ||    11
       Invisible         |       |       |       |       |       |       |       |    11 |       ||    11
  Eat: Chunk             |     2 |     7 |     5 |    17 |    39 |    22 |    45 |    10 |     2 ||   149
       Ration            |       |       |     4 |     6 |     9 |     9 |     6 |    18 |    13 ||    65
Armor: Leather armour    |    17 |       |       |       |       |       |       |       |       ||    17
       Ring mail         |    12 |       |       |       |       |       |       |       |       ||    12
       Scale mail        |     7 |    94 |   237 |   231 |   227 |   123 |    43 |       |       ||   962
       Acid dragon scale |       |       |       |       |       |       |     5 |    44 |       ||    49
       Gold dragon scale |       |       |       |       |       |       |   232 |   511 |   218 ||   961
Dodge: Dodged            |    89 |   114 |   333 |   707 |   909 |   291 |   258 |   525 |   174 ||  3400
       Deflected         |       |       |       |     2 |    22 |     9 |    19 |    58 |    21 ||   131
Block: Buckler           |       |       |       |       |       |   309 |   160 |       |       ||   469
       Reflection        |       |       |       |       |       |    50 |    44 |       |       ||    94
       Shield            |       |       |       |       |       |       |   278 |   841 |   294 ||  1413

Vault maps used:
D:1:      nicolae_arrival_memento_mori, minmay_door_square
D:2:      grunt_decor_cap
D:3:      lemuel_another_geyser, uniq_jessica
D:4:      first_ration, guppyfry_early_lair_pool, uniq_ijyb
D:5:      nicolae_qazlal_eye_of_the_storm, old_standard_altar
D:6:      evilmike_ruin_ashenzari, uniq_eustachio, uniq_prince_ribbit1
D:7:      lemuel_mausoleum_altar_yredelemnul, kennysheep_little_box, minitemple,
          minmay_temple_entry_overgrown
D:8:      minmay_the_grid_octo_tiled_octocenter, grunt_livestock
D:9:      overflow_temple_1_default, lair_entry_dummy, basic_altar,
          uniq_erolcha, uniq_psyche
D:10:     kennysheep_orc_monster_closet_entryway, serial_shops,
          nicolae_shop_competitors_out_of_business
D:11:     minmay_ornate_pinched
D:12:     basic_altar, minmay_misc_feat_five, uniq_maurice
D:13:     eino_small_chamber_without_monster, dk_noncrumbling_3,
          guppyfry_shop_blood, uniq_urug
D:14:     david_vaults_5, basic_altar, nicolae_sextant, uniq_roxanne
D:15:     gammafunk_depths_entry_grave, grunt_dithmenos_smoke_and_mirrors,
          serial_shops, shop
Temple:   nicolae_temple_god_jail
Lair:1:   grunt_megastairs_4
Lair:2:   swamp_mist, eino_house_with_fridge, serial_bayou_shore_b
Lair:4:   minmay_snake_entry_six_corridors
Lair:5:   minmay_hedge_maze, beast_lair_carwin_6, lemuel_fruit_tree
Lair:6:   hangedman_lair_tendril_chambers, guppyfry_lair_end_dragon,
          dpeg_slime_entry_corner, uniq_nessos, uniq_kirke
Swamp:1:  cheibrodos_swamp_tower_of_moss, evilmike_swamp_ruin_house_3,
          uniq_louise, uniq_nikola
Swamp:2:  evilmike_swamp_ruin_house_1
Swamp:3:  evilmike_swamp_ruin_wall, swamp_pool3, nicolae_swamp_hydra_murder_den
Swamp:4:  swamp_old_school, hangedman_swamp_dais
Snake:2:  basic_altar, serial_bayou_pond_d, lemuel_oklob_altar, uniq_aizul,
          uniq_vashnia, uniq_asterion, uniq_donald
Snake:3:  uniq_mara, uniq_jorgrun
Snake:4:  snake_pit, spider_trap
Slime:4:  dissolution_awaits
Orc:2:    grunt_orc_community_town_hall, grunt_orc_community_big_house_1,
          grunt_orc_community_big_house_2, grunt_orc_community_house_3,
          grunt_orc_community_house_2, grunt_orc_community_house_1,
          grunt_orc_community_house_2, grunt_orc_community_house_1,
          serial_shops, shop, basic_altar, minmay_orc_temple_c, uniq_snorg
Elf:1:    minmay_elf_arrival_plus, evilmike_minifort
Elf:3:    grunt_elf_hall_branching
Vaults:1: vaults_room_grunt_arrival_ludios, v_misc_24, nicolae_vaults_big_ls,
          nicolae_vaults_lopsided_apartments, nicolae_vaults_rhombus_7,
          v_rooms_4, v_pattern_4, vaults_room_grunt_arrival_checkpoint,
          ontoclasm_vaults_loading_screen, nicolae_vaults_gold_heap,
          grunt_vaults_funnel, ontoclasm_vaults_tryst, ontoclasm_vaults_twist
Vaults:2: nicolae_vaults_network_square, vaults_dpeg_diagonal,
          vaults_dpeg_spiral, ontoclasm_vaults_bender, ontoclasm_vaults_idyll,
          v_misc_28, ontoclasm_vaults_claustrophobia, v_rooms_2,
          hangedman_vaults_corner, vaults_dpeg_ring, vaults_dpeg_cross,
          hangedman_vaults_trim, vaults_room_pools, serial_shops, shop
Vaults:3: minmay_crypt_entry_skeletal_spiral, vaults_mumra_hex,
          hangedman_vaults_locks, hangedman_vaults_stretched_pinwheel,
          grunt_tower_of_power, v_misc_4, nicolae_vaults_alarming,
          dpeg_vaults_monster_box
Vaults:4: grunt_vaults_hallway_long, v_misc_27, vaults_dpeg_encased_lava,
          grunt_vaults_hallway_short, vaults_room_boxed,
          ontoclasm_vaults_misaligned, ontoclasm_vaults_gateway, kb_rosetta,
          v_misc_16, nicolae_vaults_three_branches, vaults_room_semicircle,
          nicolae_vaults_ring_of_whatevers, v_misc_16,
          vaults_mumra_chevron_long, v_misc_22, ontoclasm_vaults_ring_square,
          uniq_margery
Vaults:5: serial_shops
Depths:1: rand_demon_pan_entry_7, serial_shops, nicolae_shop_statue_plus,
          hell_entry, tso_metal_star, kennysheep_treasure_room,
          kennysheep_random_hallway
Depths:2: grunt_forest_end_shrine, grunt_pan_entry_zigzag,
          abyss_entry_small_statue_room, hell_entry,
          onia_ninara_dug_in_and_dangerous, infiniplex_staircase_zigzag_1,
          firewood_loft
Depths:3: box_level_dp, hell_entry, pan_entry, abyss_entry
Depths:4: nicolae_legendary_halls, roderic_roman_lattice, abyss_entry_crystal,
          hangedman_coc_ice_floe, infiniplex_staircase_spiral
Depths:5: evilmike_zot_entry_diamond, abyss_entry_flame_altar, hell_entry,
          horrible_house_mu, serial_bayou_shore_a
Zot:1:    kennysheep_ambush_hall
Zot:2:    lemuel_elevator
Abyss:2:  hangedman_decor_peaks_small
Abyss:3:  evilmike_abyss_exit_14, gammafunk_corrupted_shrine
Abyss:4:  hangedman_cross_veins, due_evilmike_abyss_rune_seething_liches,
          evilmike_abyss_exit_1, hangedman_elemental_corridor

Notes
Turn   | Place    | Note
-------+----------+-------------------------------------------
     0 | D:1      | Tenshin the Demonspawn Monk began the quest for the Orb.
     0 | D:1      | Reached XP level 1. HP: 18/18 MP: 1/1
   422 | D:1      | Reached skill level 2 in Stealth
   422 | D:1      | Gained mutation: When hurt, damage is shared between your health and your magic reserves. [demonic ancestry]
   422 | D:1      | Reached XP level 2. HP: 24/24 MP: 2/2
   484 | D:1      | Reached skill level 3 in Polearms
   953 | D:2      | Gained mutation: You are immune to rotting. [demonic ancestry]
   953 | D:2      | Reached XP level 3. HP: 29/29 MP: 3/3
  1006 | D:2      | Reached skill level 3 in Dodging
  1486 | D:2      | Gained mutation: You have large cloven feet. [demonic ancestry]
  1486 | D:2      | Reached XP level 4. HP: 33/35 MP: 4/4
  1938 | D:3      | Noticed Jessica
  1953 | D:3      | Killed Jessica
  2117 | D:3      | Reached skill level 4 in Polearms
  2117 | D:3      | Reached skill level 1 in Armour
  2117 | D:3      | Gained mutation: You regenerate magic rapidly. [demonic ancestry]
  2117 | D:3      | Reached XP level 5. HP: 26/42 MP: 5/5
  2534 | D:3      | Reached skill level 3 in Stealth
  2607 | D:3      | Reached skill level 4 in Fighting
  2936 | D:4      | Noticed a phantom
  3037 | D:3      | Reached XP level 6. HP: 46/48 MP: 6/6
  3180 | D:4      | Noticed Ijyb
  3192 | D:4      | Killed Ijyb
  3192 | D:4      | Reached skill level 2 in Armour
  3361 | D:4      | Reached skill level 5 in Polearms
  3661 | D:4      | Gained mutation: You are partially covered in molten scales. (AC +2) [demonic ancestry]
  3661 | D:4      | Reached XP level 7. HP: 34/55 MP: 7/7
  4018 | D:5      | Entered Level 5 of the Dungeon
  4475 | D:5      | Reached skill level 5 in Fighting
  4475 | D:5      | Reached skill level 6 in Polearms
  4475 | D:5      | Reached skill level 3 in Armour
  5043 | D:5      | Found a deep blue altar of Sif Muna.
  5284 | D:5      | Found a stormy altar of Qazlal.
  5587 | D:5      | Reached XP level 8. HP: 59/62 MP: 8/8
  5920 | D:6      | Reached skill level 4 in Armour
  5989 | D:6      | Noticed Prince Ribbit
  6001 | D:6      | Killed Prince Ribbit
  6001 | D:6      | Reached skill level 7 in Polearms
  6025 | D:6      | Reached skill level 6 in Fighting
  6351 | D:6      | Reached skill level 8 in Polearms
  6384 | D:6      | Noticed Eustachio
  6415 | D:6      | Killed Eustachio
  6415 | D:6      | Reached skill level 5 in Armour
  6415 | D:6      | Reached XP level 9. HP: 69/69 MP: 9/9
  6548 | D:6      | Found a shattered altar of Ashenzari.
  7584 | D:7      | Reached skill level 9 in Polearms
  7830 | D:7      | Found a hide-covered altar of Uskayaw.
  7831 | D:7      | Found an ancient bone altar of Kikubaaqudgha.
  7832 | D:7      | Found a shimmering altar of Xom.
  7935 | D:7      | Got a shimmering scale mail
  7946 | D:7      | Identified the +5 scale mail "Huloharr" {rElec Str+2} (You found it on level 7 of the Dungeon)
  8080 | D:7      | Reached skill level 6 in Armour
  8147 | D:7      | Found a basalt altar of Yredelemnul.
  8165 | D:7      | Became a worshipper of Yredelemnul the Dark
  8165 | D:7      | Reached * piety under Yredelemnul
  8165 | D:7      | Reached ** piety under Yredelemnul
  8178 | D:7      | Reached skill level 4 in Dodging
  8196 | D:7      | Reached skill level 1 in Invocations
  8340 | D:7      | Reached skill level 2 in Invocations
  8440 | D:7      | Found a glowing silver altar of Zin.
  8641 | D:7      | Found a staircase to the Ecumenical Temple.
  8650 | Temple   | Entered the Ecumenical Temple
  8906 | D:7      | Reached skill level 3 in Invocations
  9030 | D:8      | Gained mutation: You have hoof-like feet. [demonic ancestry]
  9030 | D:8      | Reached XP level 10. HP: 74/76 MP: 12/12
  9140 | D:8      | Reached skill level 4 in Invocations
  9154 | D:8      | Learned a level 2 spell: Swiftness
  9233 | D:8      | Reached skill level 10 in Polearms
  9266 | D:8      | Reached skill level 5 in Invocations
  9269 | D:8      | Noticed a two-headed ogre
  9282 | D:8      | Killed a two-headed ogre
  9282 | D:8      | Reached skill level 5 in Dodging
  9282 | D:8      | Reached skill level 6 in Invocations
  9646 | D:8      | Reached skill level 7 in Invocations
  9654 | D:8      | Reached *** piety under Yredelemnul
  9682 | D:8      | Found a blossoming altar of Fedhas.
  9748 | D:8      | Found a sacrificial altar of Ru.
  9749 | D:8      | Found a shimmering altar of Xom.
  9749 | D:8      | Found a shadowy altar of Dithmenos.
  9751 | D:8      | Noticed a two-headed ogre
  9788 | D:8      | Killed a two-headed ogre
  9788 | D:8      | Reached skill level 8 in Invocations
 10013 | D:8      | Noticed OmG's ghost (novice GnCK)
 10058 | D:8      | Killed OmG's ghost
 10104 | D:8      | Found the amulet of the Air {Inacc +Fly rElec EV+5 RMsl}
 10173 | D:8      | Got a scorched shortbow
 10442 | D:8      | Reached skill level 6 in Dodging
 10474 | D:8      | Reached skill level 9 in Invocations
 10474 | D:8      | Gained mutation: You have hooves in place of feet. [demonic ancestry]
 10474 | D:8      | Reached XP level 11. HP: 77/81 MP: 17/17
 10800 | D:9      | Found an opulent altar of Gozag.
 10825 | D:9      | Noticed a two-headed ogre
 10837 | D:9      | Killed a two-headed ogre
 10837 | D:9      | Reached skill level 10 in Invocations
 10847 | D:9      | Found a staircase to the Lair.
 10920 | D:9      | Found a stormy altar of Qazlal.
 10937 | D:9      | Received a gift from Yredelemnul (4 flying skulls)
 11127 | D:9      | Reached **** piety under Yredelemnul
 11209 | D:9      | Reached skill level 11 in Polearms
 11217 | D:9      | Noticed Psyche
 11219 | D:9      | Killed Psyche
 11329 | D:9      | Killed a two-headed ogre
 11393 | D:9      | Noticed Erolcha
 11414 | D:9      | Killed Erolcha
 11414 | D:9      | Reached skill level 11 in Invocations
 11478 | D:10     | Entered Level 10 of the Dungeon
 11497 | D:10     | Received a gift from Yredelemnul (a wight)
 11678 | D:10     | Found Qadavi's Gadget Shoppe.
 11703 | D:10     | Found a staircase to the Orcish Mines.
 11705 | D:10     | Received a gift from Yredelemnul (a wight)
 11774 | D:10     | Reached skill level 12 in Invocations
 11845 | D:10     | Noticed a two-headed ogre
 11849 | D:10     | Noticed a two-headed ogre
 11884 | D:10     | Killed a two-headed ogre
 11904 | D:10     | Killed a two-headed ogre
 12224 | D:10     | Reached skill level 13 in Invocations
 12231 | D:10     | Noticed a two-headed ogre
 12234 | D:10     | Received a gift from Yredelemnul (3 flying skulls)
 12241 | D:10     | Killed an unseen horror
 12247 | D:10     | Killed a two-headed ogre
 12411 | D:10     | Gained mutation: You are mostly covered in molten scales. (AC +3) [demonic ancestry]
 12411 | D:10     | Reached XP level 12. HP: 83/88 MP: 22/22
 12808 | Lair:1   | Entered Level 1 of the Lair of Beasts
 12841 | Lair:1   | Noticed kickasso's ghost (novice MiFi)
 12884 | Lair:1   | Killed kickasso's ghost
 13157 | Lair:1   | Reached skill level 14 in Invocations
 13167 | Lair:1   | Reached ***** piety under Yredelemnul
 13180 | Lair:1   | Reached skill level 12 in Polearms
 14015 | Lair:2   | Noticed a four-headed hydra
 14039 | Lair:2   | Killed a four-headed hydra
 14216 | Lair:2   | Reached skill level 15 in Invocations
 14221 | Lair:2   | Received a gift from Yredelemnul (4 flying skulls)
 14314 | Lair:2   | Noticed a seven-headed hydra
 14318 | Lair:2   | Noticed an eight-headed hydra
 14321 | Lair:2   | Killed a seven-headed hydra
 14327 | Lair:2   | Killed an eight-headed hydra
 14340 | Lair:2   | Found a staircase to the Swamp.
 14384 | Lair:2   | Noticed an eight-headed hydra
 14392 | Lair:2   | Killed an eight-headed hydra
 14435 | Lair:2   | Received a gift from Yredelemnul (a vampire)
 14918 | Lair:3   | Received a gift from Yredelemnul (3 flying skulls)
 14923 | Lair:3   | Reached skill level 7 in Fighting
 14925 | Lair:3   | Reached skill level 16 in Invocations
 15836 | Lair:4   | Gained mutation: You resist negative energy. (rN+) [demonic ancestry]
 15836 | Lair:4   | Reached XP level 13. HP: 96/96 MP: 23/25
 15848 | Lair:4   | Received a gift from Yredelemnul (a vampire)
 15857 | Lair:4   | Found a staircase to the Snake Pit.
 16235 | Lair:4   | Identified Supu's Collected Works on Floating Poisoning
 16561 | Lair:5   | Received a gift from Yredelemnul (3 flying skulls)
 16837 | Lair:5   | Reached skill level 17 in Invocations
 16846 | Lair:5   | Reached skill level 8 in Fighting
 16849 | Lair:5   | Reached skill level 13 in Polearms
 17124 | Lair:6   | Entered Level 6 of the Lair of Beasts
 17136 | Lair:6   | Noticed Nessos
 17182 | Lair:6   | Killed Nessos
 17202 | Lair:6   | Received a gift from Yredelemnul (a wraith)
 17327 | Lair:6   | Reached ****** piety under Yredelemnul
 17431 | Lair:6   | Received a gift from Yredelemnul (4 flying skulls)
 17621 | Lair:6   | Noticed Kirke
 18225 | Lair:6   | Reached skill level 18 in Invocations
 18250 | Lair:6   | Received a gift from Yredelemnul (a skeletal warrior)
 18447 | Lair:6   | Reached skill level 9 in Fighting
 18762 | Lair:6   | Killed Kirke
 18836 | Lair:6   | Found a staircase to the Slime Pits.
 18920 | Lair:6   | Reached XP level 14. HP: 108/108 MP: 27/27
 18959 | Lair:6   | Identified 2 scrolls of acquirement
 19409 | Lair:6   | Received a gift from Yredelemnul (a flayed ghost)
 19840 | Lair:1   | Learned a level 1 spell: Animate Skeleton
 19847 | Lair:1   | Learned a level 6 spell: Deflect Missiles
 19851 | Lair:1   | Learned a level 3 spell: Regeneration
 20347 | D:11     | Received a gift from Yredelemnul (a vampire knight)
 20749 | D:12     | Reached skill level 19 in Invocations
 21013 | D:12     | Noticed Maurice
 21025 | D:12     | Killed Maurice
 21154 | D:12     | Noticed Mandevil's ghost (journeyman DsFE)
 21172 | D:12     | Killed Mandevil's ghost
 21307 | D:12     | Found a deep blue altar of Sif Muna.
 21852 | Orc:1    | Entered Level 1 of the Orcish Mines
 21857 | Orc:1    | Reached skill level 10 in Fighting
 22056 | Orc:2    | Entered Level 2 of the Orcish Mines
 22170 | Orc:2    | Noticed Snorg
 22180 | Orc:2    | Killed Snorg
 22180 | Orc:2    | Enslaved Snorg
 22182 | Orc:2    | Found a staircase to the Elven Halls.
 22213 | Orc:2    | Your ally Snorg died
 22328 | Orc:2    | Noticed a stone giant
 22332 | Orc:2    | Received a gift from Yredelemnul (a wraith)
 22359 | Orc:2    | Killed a stone giant
 22409 | Orc:2    | Noticed a stone giant
 22430 | Orc:2    | Killed a stone giant
 22431 | Orc:2    | Received a gift from Yredelemnul (a phantasmal warrior)
 22431 | Orc:2    | Found a roughly hewn altar of Beogh.
 22431 | Orc:2    | Reached skill level 14 in Polearms
 22552 | Orc:2    | Found a roughly hewn altar of Beogh.
 22670 | Orc:2    | Found a roughly hewn altar of Beogh.
 22746 | Orc:2    | Reached skill level 4 in Stealth
 22761 | Orc:2    | Found Kogodwutz's General Store.
 22771 | Orc:2    | Bought a scroll of enchant armour for 90 gold pieces
 22771 | Orc:2    | Bought a potion of curing for 36 gold pieces
 22784 | Orc:2    | Found a roughly hewn altar of Beogh.
 22822 | Orc:2    | Found a roughly hewn altar of Beogh.
 22872 | Orc:2    | Received a gift from Yredelemnul (a vampire knight)
 22891 | Orc:2    | Noticed an orc warlord
 22913 | Orc:2    | Killed an orc warlord
 22924 | Orc:2    | Found a roughly hewn altar of Beogh.
 22924 | Orc:2    | Found Mucve's Antique Armour Shop.
 22926 | Orc:2    | Received a gift from Yredelemnul (a vampire)
 22933 | Orc:2    | Found Ageasoumn's Antique Weapon Boutique.
 23049 | Orc:2    | Found a roughly hewn altar of Beogh.
 23049 | Orc:2    | Found Nuloz's Assorted Antiques.
 23148 | Orc:2    | Reached skill level 20 in Invocations
 23216 | Orc:2    | Received a gift from Yredelemnul (a profane servitor)
 23224 | Orc:2    | Found a roughly hewn altar of Beogh.
 23251 | Orc:2    | Found Beal's Book Boutique.
 23357 | Orc:2    | Bought a wand of digging (15) for 456 gold pieces
 23392 | Orc:2    | Bought a pair of glowing gloves for 210 gold pieces
 24261 | D:13     | Noticed Urug
 24269 | D:13     | Killed Urug
 24269 | D:13     | Reached skill level 7 in Armour
 24413 | D:13     | Found Yrutiuh's Blood Bar.
 24584 | D:13     | Reached skill level 5 in Stealth
 24600 | D:13     | Got a crude great sword
 24719 | D:13     | Reached XP level 15. HP: 104/115 MP: 29/29
 25009 | D:14     | Noticed Roxanne
 25066 | D:14     | Found a radiant altar of Vehumet.
 25149 | D:14     | Received a gift from Yredelemnul (a flayed ghost)
 25214 | D:14     | Found a gate to the Vaults.
 25258 | D:14     | Identified the cursed +1 great sword "Arbiter" {elec, rPois rF+++ MR- MP+9} (You found it on level 13 of the Dungeon)
 25421 | D:14     | Received a gift from Yredelemnul (a vampire)
 25673 | D:14     | Killed Roxanne
 25679 | D:14     | Received a gift from Yredelemnul (a bone dragon)
 25741 | D:15     | Entered Level 15 of the Dungeon
 25768 | D:15     | Received a gift from Yredelemnul (a phantasmal warrior)
 25950 | D:15     | Reached skill level 6 in Stealth
 26063 | D:15     | Found a shadowy altar of Dithmenos.
 26134 | D:15     | Found a staircase to the Depths.
 26155 | D:15     | Reached skill level 21 in Invocations
 26171 | D:15     | Received a gift from Yredelemnul (a vampire)
 26193 | D:15     | Found Biagh's Antique Armour Shop.
 26197 | D:15     | Reached skill level 8 in Armour
 26271 | D:15     | Bought a glowing cloak for 307 gold pieces
 26432 | D:15     | Got a spiked plate armour
 26443 | D:15     | Identified the +0 plate armour of Classification {+Fly rN+ Int+4} (You acquired it on level 15 of the Dungeon)
 26701 | Swamp:1  | Entered Level 1 of the Swamp
 26701 | Swamp:1  | Noticed Louise
 26714 | Swamp:1  | Killed Louise
 26714 | Swamp:1  | Enslaved Louise
 26745 | Swamp:1  | Noticed a thorn hunter
 26753 | Swamp:1  | Killed a thorn hunter
 26771 | Swamp:1  | Noticed Nikola
 26780 | Swamp:1  | Killed Nikola
 26781 | Swamp:1  | Received a gift from Yredelemnul (a flayed ghost)
 27197 | Swamp:1  | You fall through a shaft!
 27270 | Swamp:2  | Noticed a thorn hunter
 27277 | Swamp:2  | Killed a thorn hunter
 27481 | Swamp:2  | Received a gift from Yredelemnul (a phantasmal warrior)
 27970 | Swamp:3  | Received a gift from Yredelemnul (a vampire)
 28630 | Swamp:4  | Entered Level 4 of the Swamp
 28653 | Swamp:4  | Reached skill level 9 in Armour
 28655 | Swamp:4  | Reached skill level 22 in Invocations
 28657 | Swamp:4  | Received a gift from Yredelemnul (a profane servitor)
 28745 | Swamp:4  | Noticed a thorn hunter
 28755 | Swamp:4  | Killed a thorn hunter
 28803 | Swamp:4  | Reached XP level 16. HP: 124/124 MP: 31/31
 28952 | Swamp:4  | Received a gift from Yredelemnul (a ghoul)
 28956 | Swamp:4  | Reached skill level 11 in Fighting
 29308 | Swamp:4  | Noticed the 27-headed Lernaean hydra
 29318 | Swamp:4  | Killed the 26-headed Lernaean hydra
 29344 | Swamp:4  | Received a gift from Yredelemnul (a flayed ghost)
 29353 | Swamp:4  | Got a decaying rune of Zot
 29789 | Snake:1  | Entered Level 1 of the Snake Pit
 29899 | Snake:1  | Reached skill level 1 in Shields
 29927 | Snake:1  | Received a gift from Yredelemnul (a phantasmal warrior)
 30395 | Snake:2  | Reached skill level 2 in Shields
 30405 | Snake:2  | Noticed Aizul
 30407 | Snake:2  | Noticed Asterion
 30420 | Snake:2  | Noticed Vashnia
 30423 | Snake:2  | Killed Asterion
 30423 | Snake:2  | Enslaved Asterion
 30424 | Snake:2  | Killed Aizul
 30460 | Snake:2  | Received a gift from Yredelemnul (a phantasmal warrior)
 30468 | Snake:2  | Killed Vashnia
 30483 | Snake:2  | Reached skill level 3 in Shields
 30522 | Snake:2  | Found a sacrificial altar of Ru.
 30580 | Snake:2  | Noticed Donald
 30591 | Snake:2  | Killed Donald
 30601 | Snake:2  | Found a basalt altar of Yredelemnul.
 30881 | Snake:3  | Noticed Mara
 30889 | Snake:3  | Noticed Tenshin's illusion
 30892 | Snake:3  | Killed Mara
 31005 | Snake:3  | Reached skill level 4 in Shields
 31026 | Snake:3  | Reached skill level 23 in Invocations
 31076 | Snake:3  | Received a gift from Yredelemnul (a profane servitor)
 31081 | Snake:3  | Reached skill level 10 in Armour
 31202 | Snake:3  | Noticed Jorgrun
 31212 | Snake:3  | Killed Jorgrun
 31362 | Snake:3  | Reached skill level 5 in Shields
 31375 | Snake:3  | Received a gift from Yredelemnul (a skeletal warrior)
 31552 | Snake:4  | Entered Level 4 of the Snake Pit
 31609 | Snake:4  | Reached XP level 17. HP: 77/133 MP: 22/32
 31610 | Snake:4  | Reached skill level 12 in Fighting
 31625 | Snake:3  | Received a gift from Yredelemnul (a vampire knight)
 31989 | Snake:4  | Reached skill level 6 in Shields
 32368 | Snake:4  | Received a gift from Yredelemnul (a ghoul)
 32391 | Snake:4  | Your ally Asterion died
 32620 | Snake:4  | Got a serpentine rune of Zot
 33005 | Snake:4  | Reached skill level 24 in Invocations
 33095 | Snake:4  | Learned a level 1 spell: Apportation
 33497 | Vaults:1 | Entered Level 1 of the Vaults
 33670 | Vaults:1 | Received a gift from Yredelemnul (a skeletal warrior)
 33927 | Vaults:1 | Received a gift from Yredelemnul (a phantasmal warrior)
 34052 | Vaults:1 | Received a gift from Yredelemnul (a flayed ghost)
 34240 | Vaults:1 | Reached skill level 13 in Fighting
 34893 | Vaults:2 | Reached XP level 18. HP: 143/143 MP: 34/34
 35254 | Vaults:2 | Found Yrhado's Food Emporium.
 35262 | Vaults:2 | Bought a ration for 50 gold pieces
 35262 | Vaults:2 | Bought a ration for 50 gold pieces
 35262 | Vaults:2 | Bought a ration for 50 gold pieces
 35262 | Vaults:2 | Bought a ration for 50 gold pieces
 35262 | Vaults:2 | Bought a ration for 50 gold pieces
 35262 | Vaults:2 | Bought a ration for 50 gold pieces
 35262 | Vaults:2 | Bought a ration for 50 gold pieces
 35564 | Vaults:2 | Learned a level 2 spell: Blink
 35745 | Vaults:3 | Received a gift from Yredelemnul (a ghoul)
 35772 | Vaults:3 | Reached skill level 25 in Invocations
 35867 | Vaults:3 | Reached skill level 1 in Translocations
 36016 | Vaults:3 | Received a gift from Yredelemnul (a skeletal warrior)
 36030 | Vaults:3 | Reached skill level 2 in Translocations
 36051 | Vaults:3 | Reached skill level 15 in Polearms
 36183 | Vaults:3 | Received a gift from Yredelemnul (a ghoul)
 36459 | Vaults:3 | Received a gift from Yredelemnul (a ghoul)
 36572 | Vaults:3 | Reached skill level 3 in Translocations
 36888 | Vaults:3 | Found a radiant altar of Vehumet.
 36889 | Vaults:3 | Noticed a lich
 36894 | Vaults:3 | Killed a lich
 36898 | Vaults:3 | Got a scorched hat
 36900 | Vaults:3 | Got a transparent hat
 36904 | Vaults:3 | Got a wizard robe
 36907 | Vaults:3 | Got a shadowed robe
 36919 | Vaults:3 | Identified the cursed +0 hat of Baypneg {Int+5} (You found it on level 3 of the Vaults)
 36930 | Vaults:3 | Identified the +1 hat of Zin's Outrage {MR+ Str+3 Slay-3 Stlth+} (You found it on level 3 of the Vaults)
 36945 | Vaults:3 | Identified the +1 robe "Beca Ric" {rPois rC+ Str+7} (You found it on level 3 of the Vaults)
 36946 | Vaults:3 | Identified the cursed +1 robe "Liaf" {rElec rF- SInv} (You found it on level 3 of the Vaults)
 37009 | Vaults:3 | Noticed a lich
 37017 | Vaults:3 | Killed a lich
 37198 | Vaults:3 | Found a staircase to the Crypt.
 37370 | Vaults:4 | Noticed Margery
 37375 | Vaults:4 | Received a gift from Yredelemnul (a vampire)
 37583 | Vaults:4 | Killed Margery
 37583 | Vaults:4 | Enslaved Margery
 37618 | Vaults:4 | Reached skill level 4 in Translocations
 37765 | Vaults:4 | Got an ichor-stained arbalest
 37799 | Vaults:4 | Received a gift from Yredelemnul (a bone dragon)
 38026 | Vaults:4 | Reached skill level 14 in Fighting
 38366 | Vaults:4 | Reached skill level 26 in Invocations
 38381 | Vaults:4 | Received a gift from Yredelemnul (a phantasmal warrior)
 38414 | Vaults:4 | Reached XP level 19. HP: 115/152 MP: 32/36
 38965 | Depths:1 | Entered Level 1 of the Depths
 38980 | Depths:1 | Received a gift from Yredelemnul (a skeletal warrior)
 39055 | Depths:1 | Reached skill level 5 in Translocations
 39058 | Depths:1 | Reached skill level 1 in Spellcasting
 39190 | Depths:1 | Found a gateway to Hell.
 39248 | Depths:1 | Found a one-way gate leading to the halls of Pandemonium.
 39370 | Depths:1 | Found a glowing golden altar of the Shining One.
 39512 | Depths:1 | Noticed a juggernaut
 39513 | Depths:1 | Found a runed door.
 39540 | Depths:1 | Found Ijudex's Antique Weapon Boutique.
 39866 | Depths:1 | Killed a juggernaut
 39866 | Depths:1 | Reached skill level 2 in Spellcasting
 40009 | Depths:2 | Noticed a lich
 40012 | Depths:2 | Received a gift from Yredelemnul (a skeletal warrior)
 40032 | Depths:2 | Killed a lich
 40033 | Depths:2 | Received a gift from Yredelemnul (a phantasmal warrior)
 40182 | Depths:2 | Reached skill level 3 in Spellcasting
 40220 | Depths:2 | Found a one-way gate to the infinite horrors of the Abyss.
 40285 | Depths:2 | Received a gift from Yredelemnul (a ghoul)
 40439 | Depths:2 | Reached skill level 6 in Translocations
 40450 | Depths:2 | Noticed the Enchantress
 40465 | Depths:2 | Received a gift from Yredelemnul (a bone dragon)
 40468 | Depths:2 | Your ally Margery died
 40475 | Depths:2 | Killed the Enchantress
 40481 | Depths:2 | Found a radiant altar of Vehumet.
 40489 | Depths:2 | Got an encrusted leather armour
 40506 | Depths:2 | Got faerie dragon scales
 40530 | Depths:2 | Identified the +3 faerie dragon scales {rF+ rCorr Dex+2} (You took it off the Enchantress on level 2 of the Depths)
 40796 | Depths:2 | Identified the Handbook of the Compass and Cold
 41686 | Depths:3 | Reached skill level 4 in Spellcasting
 41718 | Depths:3 | Received a gift from Yredelemnul (a ghoul)
 41930 | Depths:3 | Noticed a golden dragon
 41943 | Depths:3 | Killed a golden dragon
 41943 | Depths:3 | Reached skill level 16 in Polearms
 41943 | Depths:3 | Reached skill level 27 in Invocations
 41943 | Depths:3 | Reached XP level 20. HP: 67/161 MP: 31/37
 41973 | Depths:3 | Got a scorched scale mail
 41991 | Depths:3 | Identified the +4 scale mail "Jekanoinu" {*Corrode +Inv +Fly Dex+3} (You found it on level 3 of the Depths)
 42144 | Depths:3 | Received a gift from Yredelemnul (a phantasmal warrior)
 42152 | Depths:3 | Found a runed door.
 42288 | Depths:3 | Reached skill level 7 in Translocations
 42311 | Depths:3 | Reached skill level 5 in Spellcasting
 42313 | Depths:3 | Reached skill level 15 in Fighting
 43119 | Depths:3 | Paralysed by a floating eye for 3 turns
 43280 | Depths:3 | Received a gift from Yredelemnul (a skeletal warrior)
 43336 | Depths:3 | Got a brightly glowing shield
 43348 | Depths:3 | Identified the +3 shield of Depression {Slay+3 Stlth+} (You found it on level 3 of the Depths)
 43357 | Depths:3 | Found a gateway to a ziggurat.
 43379 | Depths:3 | Got a flickering golden ring
 43689 | Depths:4 | Received a gift from Yredelemnul (a vampire)
 43753 | Depths:4 | Reached skill level 7 in Shields
 43866 | Depths:4 | Received a gift from Yredelemnul (a vampire)
 43888 | Depths:4 | Reached skill level 16 in Fighting
 43927 | Depths:4 | Reached skill level 8 in Shields
 44046 | Depths:4 | Reached skill level 17 in Polearms
 44183 | Depths:4 | Gained mutation: You are completely covered in molten scales. (AC +4, rF+) [demonic ancestry]
 44183 | Depths:4 | Reached XP level 21. HP: 169/171 MP: 38/38
 44184 | Depths:4 | Identified the ring of Eggial {*Tele rC- Dex+3 SInv} (You found it on level 3 of the Depths)
 44513 | Depths:4 | Received a gift from Yredelemnul (a vampire)
 44824 | Depths:5 | Entered Level 5 of the Depths
 44824 | Depths:5 | Found a corrupted altar of Lugonu.
 44853 | Depths:4 | Reached skill level 9 in Shields
 46020 | Depths:5 | Noticed a golden dragon
 46384 | Depths:5 | Killed a golden dragon
 46486 | Depths:5 | Reached skill level 10 in Shields
 46517 | Depths:5 | Received a gift from Yredelemnul (a vampire knight)
 46713 | Depths:5 | Noticed a caustic shrike
 46713 | Depths:5 | Noticed a caustic shrike
 46715 | Depths:5 | Noticed a caustic shrike
 47084 | Depths:5 | Got a pitted plate armour
 47085 | Depths:5 | Identified the +5 plate armour of the Pits of Slime {*Slow +Blink rN+ Dex+9} (You took it off a rakshasa on level 5 of the Depths)
 47097 | Depths:5 | Found the +6 arbalest "Damnation" {damnation}
 47206 | Depths:5 | Found a gate to the Realm of Zot.
 47646 | Elf:1    | Entered Level 1 of the Elven Halls
 47655 | Elf:1    | Received a gift from Yredelemnul (a flayed ghost)
 47862 | Elf:1    | Received a gift from Yredelemnul (a flayed ghost)
 48920 | Elf:2    | Reached skill level 11 in Shields
 48920 | Elf:2    | Received a gift from Yredelemnul (a vampire)
 49004 | Elf:2    | Found a runed gate.
 49005 | Elf:2    | Found a runed gate.
 49008 | Elf:2    | Found a runed gate.
 49086 | Elf:2    | Received a gift from Yredelemnul (a skeletal warrior)
 49434 | Elf:2    | Received a gift from Yredelemnul (a phantasmal warrior)
 49449 | Elf:2    | Reached skill level 17 in Fighting
 49768 | Elf:3    | Entered Level 3 of the Elven Halls
 50009 | Elf:3    | Received a gift from Yredelemnul (a profane servitor)
 50401 | Elf:3    | Received a gift from Yredelemnul (a vampire)
 50501 | Elf:3    | Reached skill level 12 in Shields
 50501 | Elf:3    | Reached XP level 22. HP: 111/182 MP: 23/39
 50504 | Elf:3    | Received a gift from Yredelemnul (a vampire)
 50869 | Elf:3    | Got a faintly humming chain mail
 50951 | Elf:3    | Identified the cursed +1 chain mail "Xipebona" {rElec Int+6} (You took it off a deep elf blademaster on level 3 of the Elven Halls)
 51131 | Elf:3    | Got a brightly glowing chain mail
 51353 | Elf:3    | Identified the cursed +1 chain mail "Qinidghar Gul" {MP+9 Int+4} (You took it off a deep elf high priest on level 3 of the Elven Halls)
 51483 | Elf:3    | Got a shimmering short sword
 51537 | Elf:3    | Got a smoking mace
 51586 | Elf:3    | Got a smelly ring mail
 52022 | Vaults:5 | Entered Level 5 of the Vaults
 52026 | Vaults:5 | Noticed a golden dragon
 52275 | Vaults:5 | Reached skill level 18 in Polearms
 52375 | Vaults:5 | Received a gift from Yredelemnul (a ghoul)
 52530 | Vaults:5 | Got a silver rune of Zot
 52725 | Vaults:5 | Reached skill level 13 in Shields
 52804 | Vaults:5 | Noticed a golden dragon
 52813 | Vaults:5 | Killed a golden dragon
 52866 | Vaults:5 | Received a gift from Yredelemnul (a vampire knight)
 53207 | Vaults:5 | Received a gift from Yredelemnul (a skeletal warrior)
 53421 | Vaults:5 | Reached skill level 14 in Shields
 53432 | Vaults:5 | Reached skill level 18 in Fighting
 53524 | Vaults:5 | Got a shimmering dagger {pierce}
 53535 | Vaults:5 | Noticed a golden dragon
 53546 | Vaults:5 | Killed a golden dragon
 53626 | Vaults:5 | Got a polished short sword {venom}
 53798 | Vaults:5 | Received a gift from Yredelemnul (a bone dragon)
 54011 | Vaults:5 | Found Pyraff's Food Boutique.
 54015 | Vaults:5 | Bought a ration for 60 gold pieces
 54015 | Vaults:5 | Bought a ration for 60 gold pieces
 54015 | Vaults:5 | Bought a ration for 60 gold pieces
 54015 | Vaults:5 | Bought a ration for 60 gold pieces
 54015 | Vaults:5 | Bought a ration for 60 gold pieces
 54015 | Vaults:5 | Bought a ration for 60 gold pieces
 54015 | Vaults:5 | Bought a ration for 60 gold pieces
 54015 | Vaults:5 | Bought a ration for 60 gold pieces
 54015 | Vaults:5 | Bought a ration for 60 gold pieces
 54015 | Vaults:5 | Bought a ration for 60 gold pieces
 54015 | Vaults:5 | Bought a ration for 60 gold pieces
 54026 | Vaults:5 | Noticed an ancient lich
 54032 | Vaults:5 | Found Qesoddy's Magic Scroll Shop.
 54046 | Vaults:5 | Killed an ancient lich
 54086 | Vaults:5 | Reached skill level 7 in Dodging
 54086 | Vaults:5 | Gained mutation: You are somewhat able to resist unholy torments (1 in 2 success). [demonic ancestry]
 54086 | Vaults:5 | Reached XP level 23. HP: 78/190 MP: 21/40
 54087 | Vaults:5 | Received a gift from Yredelemnul (a bone dragon)
 54477 | Vaults:5 | Got a crude robe
 54490 | Vaults:5 | Bought a scroll of identify for 44 gold pieces
 54490 | Vaults:5 | Bought a scroll of identify for 44 gold pieces
 54490 | Vaults:5 | Bought a scroll of enchant armour for 165 gold pieces
 54490 | Vaults:5 | Bought a scroll of fear for 77 gold pieces
 54546 | Vaults:5 | Reached skill level 15 in Shields
 54803 | Vaults:5 | Reached skill level 8 in Dodging
 55039 | Vaults:5 | Found Fecalum's Food Shop.
 55043 | Vaults:5 | Bought a ration for 60 gold pieces
 55043 | Vaults:5 | Bought a ration for 60 gold pieces
 55043 | Vaults:5 | Bought a ration for 60 gold pieces
 55043 | Vaults:5 | Bought a ration for 60 gold pieces
 55043 | Vaults:5 | Bought a ration for 60 gold pieces
 55043 | Vaults:5 | Bought a ration for 60 gold pieces
 55043 | Vaults:5 | Bought a ration for 60 gold pieces
 55043 | Vaults:5 | Bought a ration for 60 gold pieces
 55043 | Vaults:5 | Bought a ration for 60 gold pieces
 55043 | Vaults:5 | Bought a ration for 60 gold pieces
 55542 | Orc:2    | Bought a potion of mutation for 248 gold pieces
 55571 | Orc:2    | Bought a phantom mirror for 360 gold pieces
 55797 | Depths:2 | Voluntarily entered the Abyss.
 56198 | Abyss:2  | Received a gift from Yredelemnul (a vampire knight)
 56480 | Abyss:4  | Received a gift from Yredelemnul (a bone dragon)
 56481 | Abyss:4  | Paralysed by accursed screaming for 2 turns
 56486 | Abyss:4  | Paralysed by accursed screaming for 1 turns
 56543 | Abyss:4  | Reached skill level 9 in Dodging
 56544 | Abyss:4  | Received a gift from Yredelemnul (a profane servitor)
 56613 | Abyss:4  | Reached skill level 19 in Fighting
 56679 | Abyss:4  | Received a gift from Yredelemnul (a vampire knight)
 56692 | Abyss:4  | Got an abyssal rune of Zot
 56714 | Depths:2 | You pass through the gate.
 56714 | Depths:2 | Escaped the Abyss
 56894 | Depths:2 | Got a brightly glowing platinum ring
 56895 | Depths:2 | Identified the ring "Guarumich" {AC+2 Int+5 Dex-4} (You acquired it on level 2 of the Depths)
 57244 | Slime:1  | Entered Level 1 of the Pits of Slime
 57385 | Slime:2  | Received a gift from Yredelemnul (a phantasmal warrior)
 57443 | Slime:3  | Received a gift from Yredelemnul (a phantasmal warrior)
 57580 | Slime:4  | Noticed Dissolution
 57584 | Slime:4  | Killed Dissolution
 57584 | Slime:4  | Reached skill level 10 in Dodging
 57838 | Slime:5  | Entered Level 5 of the Pits of Slime
 57914 | Slime:5  | Received a gift from Yredelemnul (a skeletal warrior)
 58000 | Slime:5  | Noticed the Royal Jelly
 58014 | Slime:5  | Killed the Royal Jelly
 58014 | Slime:5  | Received a gift from Yredelemnul (a vampire knight)
 58047 | Slime:4  | Gained mutation: You may emit foul miasma when damaged in melee. [demonic ancestry]
 58047 | Slime:4  | Reached XP level 24. HP: 149/203 MP: 38/40
 58623 | Slime:4  | Reached skill level 11 in Armour
 58833 | Slime:5  | Reached skill level 20 in Fighting
 58940 | Slime:5  | Received a gift from Yredelemnul (a vampire)
 58951 | Slime:5  | Got a fabulously ornate robe
 58955 | Slime:5  | Got a faintly glowing shield
 58966 | Slime:5  | Identified the +2 shield of the Frog {Regen+} (You found it on level 5 of the Pits of Slime)
 58998 | Slime:5  | Got an ichor-stained robe
 59006 | Slime:5  | Got a fine robe
 59053 | Slime:5  | Got an ancient ring mail
 59055 | Slime:5  | Got a slimy rune of Zot
 59128 | Slime:5  | Received a gift from Yredelemnul (a phantasmal warrior)
 59408 | Slime:5  | Got a wavering platinum amulet
 59409 | Slime:5  | Identified the amulet of Vuum {Reflect Str+3 SH+4 SInv} (You acquired it on level 5 of the Pits of Slime)
 59413 | Slime:5  | Got a twitching copper ring
 59414 | Slime:5  | Identified the ring of Wuwupn {rF+ rN+ Str-3 Dex+3 Slay+2} (You acquired it on level 5 of the Pits of Slime)
 59418 | Slime:5  | Got a pitted tin ring
 59419 | Slime:5  | Identified the ring "Zeuqoro" {AC+5 Dex+3} (You acquired it on level 5 of the Pits of Slime)
 59922 | Zot:1    | Entered Level 1 of the Realm of Zot
 59959 | Zot:1    | Reached skill level 12 in Armour
 60184 | Zot:1    | Reached skill level 13 in Armour
 60382 | Zot:1    | Noticed an electric golem
 60709 | Zot:1    | Received a gift from Yredelemnul (a vampire)
 60714 | Zot:1    | Killed an electric golem
 61110 | Zot:1    | Noticed a curse toe
 61136 | Zot:1    | Killed a curse toe
 61262 | Zot:1    | Reached skill level 14 in Armour
 61924 | Zot:2    | Noticed a curse toe
 62322 | Zot:2    | Reached skill level 15 in Armour
 63037 | Zot:2    | Received a gift from Yredelemnul (a phantasmal warrior)
 63270 | Zot:2    | Received a gift from Yredelemnul (a flayed ghost)
 63433 | Zot:2    | Gained mutation: You frequently emit foul miasma when damaged in melee. [demonic ancestry]
 63433 | Zot:2    | Reached XP level 25. HP: 173/212 MP: 36/40
 63630 | Zot:3    | Received a gift from Yredelemnul (a bone dragon)
 64165 | Zot:4    | Noticed an orb of fire
 64185 | Zot:4    | Killed an orb of fire
 64384 | Zot:4    | Noticed an electric golem
 64393 | Zot:4    | Killed an electric golem
 64401 | Zot:4    | Got a bloodstained lajatang
 64403 | Zot:4    | Identified the cursed +1 lajatang "Suiddum" {drain, +Fly rPois rF+ Dex-3} (You found it on level 4 of the Realm of Zot)
 64483 | Zot:4    | Reached skill level 21 in Fighting
 64483 | Zot:4    | Reached skill level 19 in Polearms
 64637 | Zot:4    | Received a gift from Yredelemnul (a bone dragon)
 64884 | Zot:4    | Noticed an electric golem
 64895 | Zot:4    | Killed an electric golem
 65338 | Zot:2    | Killed a curse toe
 65507 | Zot:5    | Entered Level 5 of the Realm of Zot
 65910 | Zot:5    | Noticed an ancient lich
 65932 | Zot:5    | Killed an ancient lich
 66418 | Zot:5    | Noticed an electric golem
 66438 | Zot:5    | Killed an electric golem
 66442 | Zot:5    | Noticed an ancient lich
 66459 | Zot:5    | Killed an ancient lich
 66464 | Zot:5    | Gained mutation: You are frail. (-10% HP) [an orb of fire]
 66465 | Zot:5    | Noticed an orb of fire
 66468 | Zot:5    | Noticed an orb of fire
 66471 | Zot:5    | Gained mutation: You are dopey. (Int -2) [an orb of fire]
 66505 | Zot:5    | Lost mutation: You are dopey. (Int -2) [potion of mutation]
 66505 | Zot:5    | Lost mutation: You are frail. (-10% HP) [potion of mutation]
 66505 | Zot:5    | Gained mutation: Your flesh is heat resistant. (rF+) [potion of mutation]
 66505 | Zot:5    | Gained mutation: You have an increased reservoir of magic. (+10% MP) [potion of mutation]
 66786 | Zot:5    | Noticed an ancient lich
 66800 | Zot:5    | Killed an ancient lich
 66857 | Zot:5    | Noticed an electric golem
 66870 | Zot:5    | Killed an electric golem
 66908 | Zot:5    | Noticed an ancient lich
 66912 | Zot:5    | Noticed an orb of fire
 66928 | Zot:5    | Killed an ancient lich
 66940 | Zot:5    | Killed an orb of fire
 66949 | Zot:5    | Noticed an ancient lich
 66963 | Zot:5    | Killed an ancient lich
 66974 | Zot:5    | Noticed an ancient lich
 66988 | Zot:5    | Killed an ancient lich
 66988 | Zot:5    | Reached skill level 22 in Fighting
 66988 | Zot:5    | Reached skill level 20 in Polearms
 67154 | Zot:5    | Noticed a curse toe
 67166 | Zot:5    | Killed a curse toe
 67345 | Zot:5    | Gained mutation: You are clumsy. (Dex -2) [an orb of fire]
 67345 | Zot:5    | Gained mutation: Armour fits poorly on your strangely shaped body. [an orb of fire]
 67367 | Zot:5    | Noticed an ancient lich
 67368 | Zot:5    | Gained mutation: You are weak. (Str -2) [an orb of fire]
 67381 | Zot:5    | Gained mutation: Your body sometimes deteriorates upon taking damage. [an orb of fire]
 67382 | Zot:5    | Killed an orb of fire
 67382 | Zot:5    | Gained mutation: When low on magic, you restore magic in place of health. [demonic ancestry]
 67382 | Zot:5    | Reached XP level 26. HP: 141/225 MP: 37/44
 67403 | Zot:5    | Killed an ancient lich
 67475 | Zot:5    | Noticed an ancient lich
 67484 | Zot:5    | Noticed an ancient lich
 67496 | Zot:5    | Killed an ancient lich
 67506 | Zot:5    | Killed an ancient lich
 67668 | Zot:5    | Noticed an ancient lich
 67765 | Zot:5    | Killed an ancient lich
 68348 | Zot:5    | Reached skill level 23 in Fighting
 68354 | Zot:5    | Lost mutation: Your body sometimes deteriorates upon taking damage. [potion of mutation]
 68354 | Zot:5    | Lost mutation: Your flesh is heat resistant. (rF+) [potion of mutation]
 68354 | Zot:5    | Lost mutation: You are clumsy. (Dex -2) [potion of mutation]
 68354 | Zot:5    | Gained mutation: You have a pair of small antennae on your head. [potion of mutation]
 68354 | Zot:5    | Gained mutation: Your flesh is cold resistant. (rC+) [potion of mutation]
 68551 | Zot:5    | Noticed an orb of fire
 68599 | Zot:5    | Gained mutation: You are very weak. (Str -4) [an orb of fire]
 68608 | Zot:5    | Gained mutation: Potions are less effective at restoring your health. [an orb of fire]
 68614 | Zot:5    | Killed an orb of fire
 68614 | Zot:5    | Received a gift from Yredelemnul (a bone dragon)
 68619 | Zot:5    | Gained mutation: Potions are poor at restoring your health. [an orb of fire]
 68622 | Zot:5    | Killed an orb of fire
 68636 | Zot:5    | Lost mutation: You have a pair of small antennae on your head. [potion of mutation]
 68636 | Zot:5    | Lost mutation: Armour fits poorly on your strangely shaped body. [potion of mutation]
 68636 | Zot:5    | Lost mutation: You are very weak. (Str -4) [potion of mutation]
 68636 | Zot:5    | Gained mutation: Your flesh is very cold resistant. (rC++) [potion of mutation]
 68636 | Zot:5    | Gained mutation: You have sharp fingernails. [potion of mutation]
 68636 | Zot:5    | Gained mutation: Your system is resistant to poisons. (rPois) [potion of mutation]
 69319 | Zot:5    | Reached skill level 24 in Fighting
 69510 | Zot:5    | Noticed an orb of fire
 69537 | Zot:5    | Gained mutation: Your body sometimes deteriorates upon taking damage. [an orb of fire]
 69541 | Zot:5    | Killed an orb of fire
 70074 | Zot:5    | Got the Orb of Zot
 70264 | Depths:3 | Noticed Sirogu the pandemonium lord
 70279 | Depths:3 | Killed Sirogu the pandemonium lord
 70391 | D:15     | Lost mutation: Your flesh is very cold resistant. (rC++) [potion of mutation]
 70391 | D:15     | Lost mutation: Your body sometimes deteriorates upon taking damage. [potion of mutation]
 70391 | D:15     | Lost mutation: Your system is resistant to poisons. (rPois) [potion of mutation]
 70391 | D:15     | Lost mutation: You are weak. (Str -2) [potion of mutation]
 70391 | D:15     | Gained mutation: You possess an exceptional clarity of mind. [potion of mutation]
 70635 | D:4      | Noticed Geres the pandemonium lord
 70728 | D:1      | Lost mutation: You possess an exceptional clarity of mind. [potion of mutation]
 70728 | D:1      | Lost mutation: You have sharp fingernails. [potion of mutation]
 70728 | D:1      | Gained mutation: You possess an exceptional clarity of mind. [potion of mutation]
 70729 | D:1      | Lost mutation: Your flesh is cold resistant. (rC+) [potion of mutation]
 70729 | D:1      | Lost mutation: You possess an exceptional clarity of mind. [potion of mutation]
 70729 | D:1      | Gained mutation: You expend magic power (3 MP) to strengthen your wands. [potion of mutation]
 70729 | D:1      | Gained mutation: You are somewhat resistant to further mutation. [potion of mutation]
 70729 | D:1      | Gained mutation: You possess an exceptional clarity of mind. [potion of mutation]
 70731 | D:$      | Escaped with the Orb!

Vanquished Creatures
  the Royal Jelly (Slime:5)
  5 orbs of fire (Zot:5)
  8 ancient liches
  A pandemonium lord (Depths:3)
  A Killer Klown (Zot:5)
  2 curse toes
  6 golden dragons
  3 electric golems
  4 liches
  4 tentacled monstrosities
  A deep elf blademaster (Elf:3)
  20 Orb Guardians
  6 quicksilver dragons
  15 acid blobs
  2 titans (Vaults:5)
  2 deep elf master archers (Elf:3)
  5 death cobs
  4 thorn hunters
  A tentacled starspawn (Abyss:1)
  5 shadow dragons
  5 sphinxes
  Donald (Snake:2)
  5 tengu reavers
  4 storm dragons
  5 azure jellies
  7 fire giants
  2 nagarajas
  A draconian monk (Zot:1)
  7 draconian knights
  3 draconian scorchers
  5 deep elf sorcerers
  5 frost giants
  A caustic shrike zombie (D:15)
  4 ghost moths
  5 vault wardens
  A deep elf elementalist (Vaults:5)
  5 draconian shifters
  9 very ugly things
  3 draconian stormcallers
  10 ironheart preservers
  11 stone giants
  3 spriggan defenders
  3 war gargoyles (Vaults:5)
  5 black draconians
  5 green draconians
  3 vampire knights (Depths:4)
  7 deep elf demonologists
  The ghost of Mandevil the Destroyer, a journeyman DsFE of Vehumet (D:12)
  Nessos (Lair:6)
  A dire elephant (Abyss:4)
  14 white draconians
  An entropy weaver (Vaults:5)
  8 purple draconians
  15 red draconians
  10 yellow draconians
  5 spark wasps
  6 deep elf annihilators
  2 deep elf death magi (Elf:3)
  A blizzard demon (D:14)
  7 ettins
  6 fire dragons
  9 yaktaur captains
  5 death oozes
  5 ice dragons
  Erolcha (D:9)
  20 vault guards
  4 deep elf high priests
  10 great orbs of eyes
  4 rakshasas
  8 naga warriors
  2 spriggan air magi
  4 centaur warriors
  7 ogre magi
  5 hydras
  25 two-headed ogres
  12 dancing weapons
  An alligator (shapeshifter) (Vaults:5)
  An anaconda (Snake:3)
  2 alligators
  6 deep troll shamans
  A spriggan berserker (Depths:4)
  2 tengu warriors
  A naga sharpshooter (Snake:4)
  4 thrashing horrors
  6 deep troll earth magi
  3 orc high priests
  8 large abominations
  A wretched star (Abyss:4)
  2 sun demons
  19 deep elf knights
  An iron troll (Depths:3)
  5 skeletal warriors
  A salamander mystic (Snake:2)
  5 hell knights
  3 sixfirhies
  A glowing orange brain (Depths:1)
  A shadow wraith (Abyss:1)
  An unseen horror (D:13)
  A spriggan druid (Depths:2)
  8 deep trolls
  A shadow demon (Depths:1)
  2 wizards (Vaults:3)
  2 flayed ghosts (Depths:4)
  3 ironbrand convokers
  10 starcursed masses
  A swamp dragon (Swamp:4)
  3 phantasmal warriors (Vaults:5)
  7 deep elf archers
  11 orc knights
  2 harpies (Vaults:3)
  2 necromancers
  12 ugly things
  2 worldbinders
  7 orc sorcerers
  A cyclops (Vaults:1)
  33 deep elf magi
  4 wolf spiders
  A cyclops (shapeshifter) (Vaults:1)
  A manticore (D:14)
  4 salamanders (Snake:4)
  48 slime creatures
  A frost giant skeleton (Vaults:3)
  A toenail golem (Abyss:4)
  9 vault sentinels
  3 elephants (Lair:4)
  8 moths of wrath
  17 black mambas
  3 rust devils
  An eye of devastation (Slime:5)
  A water nymph (Abyss:4)
  A water nymph (shapeshifter) (Vaults:5)
  A guardian serpent (shapeshifter) (Depths:2)
  9 naga magi
  Psyche (D:9)
  2 guardian serpents (Snake:4)
  8 spiny frogs
  A gargoyle (D:12)
  A hellion (D:15)
  An orange demon (Depths:3)
  A rime drake (Lair:2)
  A smoke demon (Abyss:4)
  A komodo dragon (Lair:2)
  27 yaktaurs
  A kobold demonologist (D:13)
  2 freezing wraiths (Vaults:4)
  2 hellwings
  An ancient zyme (Abyss:4)
  6 tengu conjurers
  An ice devil (Depths:1)
  2 yaktaur skeletons (Vaults:3)
  A merfolk (shapeshifter) (Vaults:5)
  8 trolls
  A queen bee (Depths:3)
  3 hornets
  2 bog bodies (Swamp:1)
  Prince Ribbit (D:6)
  A tyrant leech (Swamp:3)
  2 raiju (shapeshifter)
  A raiju (Abyss:4)
  7 blink frogs
  A frost giant simulacrum (Abyss:3)
  7 hippogriffs
  2 dream sheep (Lair:5)
  A hippogriff (shapeshifter) (Vaults:1)
  An ice dragon zombie (D:15)
  An ettin skeleton (Vaults:3)
  4 shadows
  A vampire (D:13)
  9 water elementals
  5 air elementals
  A tarantella (shapeshifter) (Vaults:5)
  2 redbacks
  Eustachio (D:6)
  28 yaks
  A ynoxinul (Abyss:4)
  A yak (shapeshifter) (Depths:4)
  5 wyverns
  A fire bat (shapeshifter) (Abyss:4)
  4 wraiths
  4 hogs (D:8)
  A human (D:8)
  A hungry ghost (D:11)
  A neqoxec (Abyss:4)
  A steam dragon (D:11)
  2 basilisks
  8 vampire mosquitoes
  20 nagas
  4 chaos spawn
  3 wargs
  4 insubstantial wisps (Swamp:2)
  2 acid dragons
  22 water moccasins
  3 porcupines
  A floating eye (shapeshifter) (Vaults:5)
  A hell hound (Abyss:4)
  26 orc warriors
  A sky beast (D:8)
  4 swamp drakes
  2 floating eyes
  7 ice beasts
  2 black bears (D:6)
  4 eyes of draining
  A necrophage (D:7)
  2 phantoms
  6 boggarts
  30 ogres
  An ogre (shapeshifter) (Elf:3)
  5 small abominations
  6 centaurs
  9 crocodiles
  3 wolves (Lair:6)
  4 big kobolds
  20 bullfrogs
  2 earth elementals
  A water moccasin zombie (Lair:4)
  A wyvern zombie (D:11)
  3 scorpions
  25 killer bees
  6 wights
  4 jellies
  6 howler monkeys
  3 centaur zombies
  12 crimson imps
  A bullfrog zombie (D:4)
  9 hounds
  A quasit (Abyss:1)
  19 orc priests
  19 orc wizards
  3 centaur skeletons
  4 human zombies
  2 bullfrog skeletons (D:10)
  Jessica (D:3)
  5 human skeletons
  3 iguanas
  9 worker ants
  4 yak simulacra (Lair:2)
  Ijyb (D:4)
  2 polar bear simulacra (Lair:2)
  3 hell rats (Lair:6)
  A mummy (D:7)
  A howler monkey zombie (D:5)
  3 worker ant zombies
  7 gnolls
  A howler monkey skeleton (D:11)
  A river rat (shapeshifter) (Elf:3)
  19 adders
  4 shadow imps
  2 white imps (Depths:2)
  2 ufetubi
  An ooze (D:2)
  An adder skeleton (D:6)
  5 worms
  A dart slug (D:3)
  7 leopard geckos
  90 orcs
  6 giant cockroaches
  7 goblins
  13 hobgoblins
  2 jackals (D:2)
  13 kobolds
  8 quokkas
  11 bats
  4 frilled lizards
  A leopard gecko skeleton (D:6)
  A leopard gecko zombie (D:5)
  An orc zombie (D:7)
  A quokka skeleton (D:8)
  2 rats
  2 river rat simulacra (Lair:2)
  A briar patch (Depths:2)
  6 plants
  A starspawn tentacle (Abyss:1)
1464 creatures vanquished.

Vanquished Creatures (collateral kills)
  Dissolution (Slime:4)
  3 ancient liches (Zot:5)
  An orb of fire (Zot:4)
  Mara (Snake:3)
  A juggernaut (Depths:1)
  the Lernaean hydra (Swamp:4)
  Vashnia (Snake:2)
  A Killer Klown (Zot:5)
  A curse toe (Zot:5)
  8 golden dragons
  the Enchantress (Depths:2)
  Nikola (Swamp:1)
  2 electric golems (Zot:4)
  Jorgrun (Snake:3)
  6 Orb Guardians (Zot:5)
  5 liches
  7 tentacled monstrosities
  8 titans
  12 acid blobs
  5 death cobs
  4 sphinxes
  4 thorn hunters
  5 shadow dragons
  Kirke (Lair:6)
  8 tengu reavers
  7 storm dragons
  Roxanne (D:14)
  7 nagarajas
  6 azure jellies
  3 draconian monks
  A draconian scorcher (Zot:4)
  10 frost giants
  5 fire giants
  2 deep elf sorcerers (Elf:3)
  A draconian knight (Zot:3)
  3 vault wardens
  3 draconian shifters
  Aizul (Snake:2)
  A cacodemon (Depths:2)
  5 iron dragons
  2 ghost moths (Zot:5)
  An orc warlord (Orc:2)
  2 deep elf elementalists (Elf:3)
  2 draconian stormcallers (Zot:2)
  2 spriggan defenders
  3 ironheart preservers
  A draconian annihilator (Zot:4)
  5 green draconians
  A vampire knight (Depths:5)
  An entropy weaver (Vaults:3)
  13 stone giants
  A stone giant (shapeshifter) (Depths:4)
  10 very ugly things
  4 deep elf demonologists (Elf:3)
  4 purple draconians
  3 white draconians (Zot:2)
  4 red draconians
  2 deep elf annihilators
  2 black draconians
  5 yellow draconians
  5 spark wasps
  7 ettins
  A death ooze (Slime:4)
  9 yaktaur captains
  7 deep elf death magi
  2 fire dragons
  4 great orbs of eyes
  6 rakshasas
  6 naga warriors
  9 vault guards
  4 spriggan air magi
  6 ice dragons
  25 hydras
  3 catoblepae
  2 death knights (Vaults:2)
  6 ogre magi
  3 alligators (Swamp:2)
  4 anacondas
  5 centaur warriors
  The ghost of kickasso the Cleaver, a novice MiFi of Okawaru (Lair:1)
  20 two-headed ogres
  3 death yaks (Lair:5)
  8 dancing weapons
  4 deep troll earth magi
  The ghost of OmG the Cleaver, a novice GnCK of Xom (D:8)
  3 tengu warriors
  A satyr (Abyss:4)
  2 orc high priests (Orc:2)
  3 spriggan berserkers
  A titan zombie (Vaults:3)
  5 deep troll shamans
  Urug (D:13)
  17 naga sharpshooters
  A thrashing horror (Abyss:4)
  4 shock serpents
  17 deep elf knights
  4 iron trolls
  A shadow wraith (Vaults:3)
  3 hell knights
  4 salamander mystics
  A titan skeleton (Vaults:3)
  6 skeletal warriors
  12 deep trolls
  A fire crab (shapeshifter) (Depths:1)
  7 swamp dragons
  3 glowing orange brains
  6 unseen horrors
  2 unseen horrors (shapeshifter)
  2 shambling mangroves (Swamp:3)
  8 deep elf archers
  A wolf spider zombie (D:15)
  3 flayed ghosts
  A harpy (shapeshifter) (Depths:2)
  4 ironbrand convokers
  3 wizards
  2 naga ritualists
  5 orc knights
  A phantasmal warrior (D:15)
  3 harpies (Vaults:3)
  4 necromancers
  13 ugly things
  2 wolf spiders
  19 salamanders
  3 orc sorcerers
  3 mana vipers
  3 manticores
  23 deep elf magi
  2 oklob plants
  A tengu skeleton (Vaults:3)
  5 shining eyes
  9 moths of wrath
  2 worldbinders (Abyss:4)
  22 black mambas
  A rust devil (Abyss:2)
  A stone giant zombie (Vaults:3)
  14 naga magi
  A guardian serpent (Lair:6)
  Maurice (D:12)
  An elephant (shapeshifter) (Depths:3)
  A water nymph (Abyss:4)
  2 eyes of devastation
  A gargoyle (D:15)
  6 vault sentinels
  An orange demon (Zot:5)
  10 spiny frogs
  A stone giant skeleton (D:15)
  A smoke demon (Depths:3)
  2 kobold demonologists (D:13)
  2 centaur skeletons
  A spriggan zombie (D:15)
  24 yaktaurs
  2 ice devils
  A rime drake (Lair:6)
  3 komodo dragons
  An efreet (D:15)
  3 freezing wraiths
  A hellwing (Depths:2)
  4 tyrant leeches
  A yaktaur skeleton (Vaults:3)
  2 trolls (D:14)
  A meliai (shapeshifter) (Vaults:1)
  51 slime creatures
  A tengu simulacrum (Vaults:3)
  2 large abominations
  A raiju (Abyss:4)
  14 blink frogs
  10 bog bodies
  11 hornets
  10 hippogriffs
  3 dream sheep (Lair:5)
  A raiju (shapeshifter) (D:15)
  A hippogriff (shapeshifter) (Depths:1)
  2 snapping turtles (shapeshifter)
  A human simulacrum (Vaults:3)
  2 vampires (D:13)
  11 water elementals
  3 ettin skeletons (Vaults:3)
  2 redbacks
  7 air elementals
  A tarantella (Vaults:3)
  A ynoxinul (Depths:3)
  4 spriggans
  4 shadows
  26 yaks
  A wraith (Vaults:1)
  2 wyverns
  4 hogs (Lair:6)
  4 basilisks
  10 vampire mosquitoes
  3 steam dragons
  A hungry ghost (D:9)
  6 insubstantial wisps
  34 nagas
  3 wargs
  8 swamp worms
  11 water moccasins
  3 hell hounds (Abyss:4)
  An acid dragon (Lair:6)
  A deep troll skeleton (Vaults:3)
  2 black bears
  13 swamp drakes
  5 porcupines
  A hornet zombie (D:10)
  An ice beast (D:12)
  3 eyes of draining
  19 orc warriors
  A sky beast (D:9)
  5 boggarts
  An ettin simulacrum (Vaults:3)
  12 centaurs
  16 ogres
  3 wolves (Lair:6)
  2 elf skeletons (Vaults:3)
  2 big kobolds
  7 crocodiles
  5 gnoll sergeants
  3 bullfrogs
  An earth elemental (Elf:2)
  A wyvern zombie (D:9)
  A wyvern skeleton (D:12)
  A scorpion (D:9)
  7 killer bees
  A wight (D:12)
  3 crimson imps
  2 hounds
  A quasit (Depths:2)
  5 starcursed masses (Abyss:4)
  An iguana (Lair:6)
  An iron imp (Depths:2)
  17 orc priests
  7 orc wizards
  A worker ant (D:8)
  4 hell rats (Lair:6)
  A killer bee zombie (D:10)
  A wolf simulacrum (Lair:2)
  2 human zombies
  8 gnolls
  A shadow imp (D:14)
  A white imp (Depths:2)
  39 orcs
  A ball python (Lair:4)
  5 kobolds
  2 river rat simulacra (Lair:2)
  11 briar patches (Depths:2)
  6 bushes
  2 crawling corpses (Elf:3)
  12 fungi
  26 plants
  3 toadstools (Swamp:1)
  4 withered plants (D:15)
1244 creatures vanquished.

Vanquished Creatures (others)
  8 bone dragons
  5 profane servitors
  A deep elf blademaster (Elf:3)
  A spectral human (Depths:2)
  A draconian scorcher (Zot:1)
  8 ghouls
  An ironheart preserver (Vaults:4)
  6 vampire knights
  A Killer Klown zombie (Zot:5)
  3 spectral draconians
  A merfolk javelineer (Depths:4)
  7 very ugly thing zombies
  2 quicksilver dragon zombies (Zot:4)
  A spectral minotaur (Snake:4)
  2 titan zombies (Vaults:5)
  3 storm dragon zombies
  A shadow wraith (Vaults:5)
  10 skeletal warriors
  A ghost moth zombie (Zot:2)
  8 spectral elves
  6 golden dragon zombies
  4 spark wasp zombies
  8 flayed ghosts
  A shadow dragon zombie (Zot:5)
  4 stone giant zombies
  7 ugly thing zombies
  A wolf spider zombie (Vaults:5)
  14 phantasmal warriors
  A sphinx zombie (Depths:4)
  An iron dragon zombie (Depths:4)
  8 draconian zombies
  A deep elf mage (Vaults:5)
  A cyclops (Vaults:2)
  A fire giant zombie (Depths:3)
  A worldbinder (Abyss:4)
  A moth of wrath (Zot:5)
  2 frost giant zombies
  A black mamba (Snake:3)
  A frost giant skeleton (Depths:4)
  A vault sentinel (Vaults:3)
  2 purple draconian zombies (Zot:2)
  A large abomination (Abyss:4)
  11 human zombies
  2 yellow draconian zombies
  8 white draconian zombies
  6 red draconian zombies
  A green draconian zombie (Zot:1)
  A yaktaur (Depths:3)
  2 human skeletons
  3 ghoul skeletons
  2 iron troll zombies
  2 black draconian zombies
  A harpy zombie (Vaults:3)
  3 ettin zombies
  A slime creature (Swamp:1)
  5 moth of wrath zombies
  2 ice dragon zombies
  10 black mamba zombies
  21 flying skulls
  2 yaks (Lair:6)
  2 wraiths
  15 vampires
  3 spriggan zombies
  A spectral troll (Orc:2)
  A two-headed ogre zombie (Vaults:5)
  9 deep troll zombies
  A swamp worm (Swamp:3)
  A water nymph zombie (Abyss:4)
  A naga (Snake:3)
  2 salamander zombies
  A floating eye (Depths:2)
  3 deep troll skeletons
  18 elf zombies
  4 spiny frog zombies (Lair:6)
  2 hornet zombies (Lair:6)
  2 ogre skeletons
  An orc warrior (Vaults:2)
  2 blink frog zombies
  A hog zombie (Lair:6)
  A centaur (Vaults:4)
  2 hippogriff zombies
  10 yaktaur zombies
  3 hell hound zombies (Abyss:4)
  7 water moccasin zombies
  2 yaktaur skeletons
  A warg zombie (Orc:2)
  A salamander skeleton (Snake:2)
  A wyvern skeleton (Lair:6)
  4 tengu zombies
  2 troll zombies
  2 yak zombies
  2 wights (D:10)
  2 wolf zombies (Lair:6)
  2 bullfrog zombies (Lair:1)
  2 centaur zombies
  A wolf skeleton (Lair:6)
  A basilisk zombie (Lair:2)
  A porcupine zombie (Lair:5)
  2 big kobold zombies (D:10)
  5 killer bee zombies (Depths:3)
  2 crocodile zombies
  15 ogre zombies
  17 naga zombies
  3 hell rat zombies (Lair:6)
  A worker ant zombie (D:8)
  A steam dragon zombie (Lair:6)
  A swamp drake zombie (Lair:6)
  2 scorpion zombies
  2 orcs
  3 gnoll zombies
  An orc skeleton (Vaults:4)
  26 orc zombies
  21 fungi
  A lurking horror (Abyss:4)
  36 plants
  A starspawn tentacle (Abyss:1)
  5 toadstools (Swamp:1)
484 creatures vanquished.

Grand Total: 3192 creatures vanquished
